AoeStats
← earlitepainters

MegaRandom

509786562Analyzed
2v2 RM · 5d ago on Sep 28, 2026· 44m 57s· 4 players
Game mode
Random Map
Map size
Medium (4 player)
Population
200
Speed
Normal
Resources
Standard
Victory
Conquest
Starting age
Dark Age
Ending age
Imperial Age
RankedLock teamsTeams togetherTeam positionsShared explorationLock speedFull tech treeHidden civsTurbo modeCheats
Victory
Defeat
🇮🇳 Spanish · India
1241
+15
🇦🇺 Saxons · Australia
1240
+15
🇦🇷 Varangians · Argentina
1226
-15
🇨🇱 Mongols · Chile
1224
-15
Consort Radahn
7:01 Loom
9:19 Feudal Age
10:02 Double-Bit Axe
11:00 Bloodlines
20:13 Castle Age
23:58 Husbandry
29:55 Forging
31:17 Iron Casting
31:28 Scale Barding Armor
37:06 Imperial Age
35:45 Wheelbarrow
35:00 Town Watch
36:26 Vendel Legacy
37:16 Cavalier
38:22 Chain Barding Armor
40:37 Conscription
41:18 Blast Furnace
40:02 Elite Jarl
agucba
9:44 Feudal Age
9:48 Loom
10:57 Double-Bit Axe
12:15 Scale Barding Armor
12:29 Horse Collar
13:41 Forging
22:06 Castle Age
22:32 Bloodlines
24:08 Chain Barding Armor
31:21 Fletching
32:46 Wheelbarrow
34:51 Padded Archer Armor
34:49 Bodkin Arrow
41:51 Imperial Age
39:40 Hand Cart
45:06 Imperial Age
43:19 Ballistics
holamyth
8:13 Loom
10:37 Feudal Age
15:45 Castle Age
26:24 Horse Collar
29:56 Double-Bit Axe
31:13 Fishing Lines
34:25 Gold Mining
35:26 Scale Barding Armor
35:32 Forging
40:18 Imperial Age
38:16 Bloodlines
38:06 Husbandry
40:00 Iron Casting
41:02 Husbandry
40:25 Cavalier
41:28 Chain Barding Armor
43:32 Gillnets
45:38 Plate Barding Armor
46:03 Blast Furnace
earlitepainters
7:22 Loom
9:46 Feudal Age
10:46 Double-Bit Axe
17:25 Castle Age
17:31 Castle Age
17:14 Arson
17:49 Scale Mail Armor
18:00 Forging
20:55 Gambesons
23:02 Wheelbarrow
23:30 Squires
23:59 Fishing Lines
25:39 Town Watch
25:42 Horse Collar
26:13 Bow Saw
27:09 Heavy Plow
28:17 Iron Casting
28:49 Chain Mail Armor
30:10 Hand Cart
30:26 Town Patrol
35:05 Imperial Age
34:02 Fletching
34:12 Padded Archer Armor
34:42 Gold Mining
34:22 Elite Skirmisher
36:50 Two-Man Saw
35:12 Elite Varangian Guard
35:18 Shield Wall
36:34 Plate Mail Armor
36:37 Conscription
38:32 Bodkin Arrow
38:53 Leather Archer Armor
39:03 Thumb Ring
40:43 Chemistry
40:08 Ballistics
41:00 Bracer
41:30 Ring Archer Armor
41:59 Siege Engineers
42:26 Crop Rotation
Connection lost

Rejoining the realm…

Still unreachable

The connection could not be restored.

Session expired

The server has moved on; the page needs a fresh start.